 Dungeon Crawl Stone Soup version 0.17-a0-1741-gd5e8965 (webtiles) character file.

219 KambridgeKobold the Skirmisher (level 5, -1/48 HPs)
             Began as a Hill Orc Fighter on Aug 31, 2015.
             Killed by divine providence
             ... invoked by an orc priest
              (16 damage)
             ... on level 4 of the Dungeon.
             The game lasted 00:09:38 (3863 turns).

KambridgeKobold the Skirmisher (Hill Orc Fighter)   Turns: 3863, Time: 00:09:38

Health: -1/48      AC:  8    Str: 19    XL:     5   Next: 96%
Magic:  5/5        EV:  9    Int:  8    God:
Gold:   177        SH:  0    Dex: 11    Spells: 0 memorised, 4 levels left

rFire  . . .     SeeInvis .     t - +2 short sword (venom)
rCold  . . .     Clarity  .     b - +0 scale mail
rNeg   + . .     SustAt   .     (no shield)
rPois  .         Gourm    .     (no helmet)
rElec  .         Spirit   .     (no cloak)
rCorr  .         Warding  .     (no gloves)
rMut   .         Stasis   .     u - +0 pair of boots
MR     .....                    (no amulet)
Stlth  ..........               (no ring)
                                o - ring of positive energy

@: not resistant to hostile enchantments, extremely unstealthy
A: no striking features
a: Convert to Beogh


You were on level 4 of the Dungeon.
You were not hungry.

You visited 1 branch of the dungeon, and saw 4 of its levels.

You collected 177 gold pieces.

Inventory:

Hand weapons
 a - a +0 long sword
 f - a +0 whip
 h - a +0 dagger
 k - a +0 short sword
 t - a +2 short sword of venom (weapon)
 B - a +0 rapier
Missiles
 l - 107 stones (quivered)
Armour
 b - a +0 scale mail (worn)
 c - a +0 shield
 u - a +0 pair of boots (worn)
Jewellery
 o - a ring of positive energy (left hand)
 D - an uncursed amulet of guardian spirit {unknown}
Scrolls
 g - a scroll of enchant weapon {unknown}
 j - 3 scrolls of teleportation {unknown}
 n - a scroll of immolation {unknown}
 p - 2 scrolls of noise {unknown}
 r - 2 scrolls of remove curse {unknown}
 v - a scroll of magic mapping {unknown}
 w - a scroll of random uselessness {unknown}
 x - a scroll of recharging {unknown}
 y - a scroll of identify {unknown}
 z - a scroll of amnesia {unknown}
 E - a scroll of fog {unknown}
Potions
 d - a potion of might
 i - 4 potions of heal wounds {unknown}
 q - 2 potions of lignification {unknown}
 s - a potion of mutation {unknown}
 C - a potion of invisibility {unknown}
Comestibles
 e - 3 bread rations
 m - 2 beef jerkies
 A - 4 chunks of flesh


   Skills:
 + Level 5.2 Fighting
 + Level 4.2 Long Blades
 + Level 4.8 Armour
 - Level 3.2 Shields


You had 4 spell levels left.
You didn't know any spells.

Dungeon Overview and Level Annotations

Branches:
Dungeon (4/15)
 Temple: D:4-7

Altars:
Ru


Message History

Something smites you! The orc wizard hits you with a dagger.
You hit the orc wizard.
The orc wizard is almost dead.
You kill the orc wizard!
You hit the orc priest.
The orc priest is poisoned.
The orc priest is lightly wounded.
The orc priest barely misses you.
You hit the orc priest but do no damage.
The orc priest looks even sicker.
The orc priest is lightly wounded.
The orc priest hits you with a flail.
You barely miss the orc priest.
The orc priest is lightly wounded.
The orc priest threatens, "By the altar or by the axe, you will meet Beogh!"
The orc priest hits you with a flail.
You closely miss the orc priest.
The orc priest is moderately wounded.
The orc priest invokes the aid of Beogh against you.
Something smites you!
You die...

# ...
##...######
....ooo@..#
##..o####.#
## #.# #.#
###.###
#.....#
#.....#
#.....#
.######.....#


You could see an orc priest and 3 orcs.

Vanquished Creatures
  An ogre (D:4)
  2 orc wizards
  4 adders
  A giant gecko (D:1)
  2 orcs (D:3)
  5 bats
  6 giant cockroaches
  4 hobgoblins
  7 kobolds
  A ball python (D:4)
  4 giant newts
  8 goblins
  A quokka (D:4)
  10 rats
56 creatures vanquished.

Notes
Turn   | Place    | Note
--------------------------------------------------------------
     0 | D:1      | KambridgeKobold the Hill Orc Fighter began the quest for the Orb.
     0 | D:1      | Reached XP level 1. HP: 19/19 MP: 1/1
   274 | D:1      | Reached XP level 2. HP: 24/27 MP: 2/2
  1173 | D:2      | Reached XP level 3. HP: 30/33 MP: 3/3
  1321 | D:2      | Reached skill level 4 in Fighting
  2943 | D:3      | Found a sacrificial altar of Ru.
  2949 | D:3      | Reached XP level 4. HP: 38/41 MP: 4/4
  3476 | D:4      | Noticed an ogre
  3487 | D:4      | Killed an ogre
  3487 | D:4      | Reached skill level 5 in Fighting
  3487 | D:4      | Reached XP level 5. HP: 11/48 MP: 5/5
  3863 | D:4      | Killed from afar by an orc priest

Vault maps used:
D:1:      mrwooster_arrival_statue_3
D:3:      first_bread, nicolae_ru_great_annihilating_truth
D:4:      hangedman_decor_riveting, st_stairs_13

Action                   |  1- 3 |  4- 6 || total
-------------------------+-------+-------++-------
Melee: Whip              |   153 |       ||   153
       Long sword        |     7 |       ||     7
       Short sword       |     8 |    59 ||    67
 Stab: Paralysed         |       |     1 ||     1
  Eat: Chunk             |     5 |     4 ||     9
